AoeStats
← ForeverNoob

Arabia

510380004Analyzed
1v1 RM · 2d ago on Sep 30, 2026· 43m 48s· 2 players
Game mode
Random Map
Map size
Tiny (2 player)
Population
200
Speed
Normal
Resources
Standard
Victory
Conquest
Starting age
Dark Age
Ending age
Imperial Age
RankedLock teamsTeams togetherTeam positionsShared explorationLock speedFull tech treeHidden civsTurbo modeCheats
Victory
Defeat
🇺🇸 Hindustanis · United States
1675
+18
🇵🇱 Saxons · Poland
1715
-18
ForeverNoob
8:18 Loom
10:05 Feudal Age
15:38 Castle Age
18:43 Scale Mail Armor
22:07 Chain Mail Armor
30:31 Fletching
34:50 Wheelbarrow
35:55 Town Watch
42:22 Forging
Kubiasty
10:01 Feudal Age
9:27 Loom
14:04 Castle Age
13:35 Double-Bit Axe
22:05 Fletching
23:27 Bodkin Arrow
28:45 Scale Mail Armor
29:59 Chain Mail Armor
36:19 Forging
Connection lost

Rejoining the realm…

Still unreachable

The connection could not be restored.

Session expired

The server has moved on; the page needs a fresh start.